 Dungeon Crawl Stone Soup version 0.29.0-7-g18a832c13a (webtiles) character file.

Game seed: 2567398942584851469

4207 LynnLen the Thaumaturge (level 10, 0/44 HPs)
             Began as a Spriggan Conjurer on Aug 31, 2022.
             Was a Follower of Vehumet.
             Slain by a wyvern (13 damage)
             ... on level 9 of the Dungeon.
             The game lasted 00:40:52 (13307 turns).

LynnLen the Thaumaturge (Spriggan Conjurer)        Turns: 13307, Time: 00:40:53

Health: 0/44       AC:  4    Str:  9    XL:     10   Next: 8%
Magic:  15/25      EV: 17    Int: 21    God:    Vehumet [*.....]
Gold:   452        SH:  0    Dex: 19    Spells: 14/30 levels left

rFire   . . .      SeeInvis +   u - +8 trident "Kotti" {drain, rC+ rCorr}
rCold   + + .      Faith    .   (shield currently unavailable)
rNeg    . . .      Spirit   .   a - +2 robe
rPois   +          Reflect  .   (helmet restricted)
rElec   .          Harm     .   (no cloak)
rCorr   +          Rampage  .   (gloves unavailable)
Will    +....                   (boots unavailable)
Stlth   +++.......              C - amulet of magic regeneration
HPRegen 0.14/turn               v - +6 ring of strength
MPRegen 0.59/turn               y - ring of Xom's Flight of Fancy {rPois rC+ rCorr Int-3 Dex+5}

@: very slightly contaminated, very quick
A: very small, no large weapons, unfitting armour, see invisible, speed 3
a: Renounce Religion


You were on level 9 of the Dungeon.
You worshipped Vehumet.
Vehumet was aware of your devotion.
You visited 2 branches of the dungeon, and saw 10 of its levels.

You collected 463 gold pieces.
You spent 11 gold pieces at shops.

Inventory:

Hand Weapons
 u - the +8 trident "Kotti" (weapon) {drain, rC+ rCorr}
   (You found it on level 5 of the Dungeon)

   A truly terrible weapon, it drains the life of any living foe it strikes.
   rC:        It protects you from cold.
   rCorr:     It protects you from acid and corrosion.
 B - a +2 dagger of venom
Missiles
 r - a throwing net
Armour
 a - a +2 robe (worn)
Jewellery
 e - a ring of fire
 p - a ring of positive energy
 v - a +6 ring of strength (left hand)
 y - the ring of Xom's Flight of Fancy (right hand) {rPois rC+ rCorr Int-3 Dex+5}
   (You found it on level 7 of the Dungeon)

   [ring of poison resistance]

   Int:       It affects your intelligence (-3).
   Dex:       It affects your dexterity (+5).
   rC:        It protects you from cold.
   rPois:     It protects you from poison.
   rCorr:     It protects you from acid and corrosion.
 C - an amulet of magic regeneration (around neck)
Wands
 b - a wand of iceblast (7)
 l - a wand of flame (61)
Scrolls
 c - 2 scrolls of fog {unknown}
 f - a scroll of fear
 h - a scroll of enchant armour
 j - a scroll of vulnerability
 m - 2 scrolls of blinking {unknown}
 n - 2 scrolls of amnesia {unknown}
 o - a scroll of acquirement {unknown}
 q - a scroll of silence {unknown}
 s - 3 scrolls of teleportation
 x - a scroll of immolation {unknown}
 A - a scroll of enchant weapon {unknown}
Potions
 d - a potion of brilliance
 g - a potion of flight {unknown}
 i - 2 potions of invisibility
 k - 2 potions of cancellation
 t - a potion of lignification
 w - a potion of haste
 z - 2 potions of curing
 D - 2 potions of heal wounds
 E - 2 potions of experience {unknown}


   Skills:
 - Level 2.6 Dodging
 - Level 3.0 Stealth
 + Level 10.8 Spellcasting
 + Level 6.1 Conjurations
 - Level 8.0 Hexes
 - Level 9.1 Translocations
 + Level 0.3 Ice Magic
 + Level 0.3 Air Magic


You had 14 spell levels left.
You knew the following spells:

 Your Spells              Type           Power      Damage    Failure   Level
a - Magic Dart            Conj           100%       1d8       1%          1
b - Searing Ray           Conj           74%        2d7       1%          2
c - Fulminant Prism       Conj/Hex       20%        3d13      3%          4
d - Iskenderun's Mystic   Conj/Tloc      43%        2d10      2%          4
e - Freezing Cloud        Conj/Ice/Air   10%        6-21      54%         5

Your spell library contained the following spells:

 Spells                   Type           Power      Damage    Failure   Level
 Freeze                   Ice            48%        1d7       5%          1
 Dazzling Flash           Conj/Hex       82%        N/A       1%          3
 Mephitic Cloud           Conj/Pois/Air  20%        N/A       8%          3
 Ignite Poison            Fire/Tmut/Pois 11%        N/A       19%         3


Dungeon Overview and Level Annotations

Branches:
Dungeon (9/15)             Temple (1/1) D:6
   Lair: D:8-11         Orc: D:9-12

Altars:
Ashenzari
Cheibriados
Dithmenos
Elyvilon
Fedhas
Gozag
Hepliaklqana
Kikubaaqudgha
Nemelex Xobeh
Okawaru
Qazlal
Ru
Sif Muna
Uskayaw
Vehumet
Xom

Shops:
D:4 [   D:7 !

Annotations:
D:6 1 runed translucent door, quinnr's ghost, novice TeCj
D:7 1 runed translucent door


Innate Abilities, Weirdness & Mutations

You are very small and have problems with some larger weapons.
You are too small for most types of armour.
You have supernaturally acute eyesight. (SInv)
You cover ground extremely quickly. (Speed+++)


Message History

The searing ray hits the steam dragon.
The steam dragon is moderately wounded. (Press . to maintain the ray.)
A wyvern comes into view.
The searing ray hits the steam dragon.
The steam dragon is moderately wounded.
The steam dragon bites you. The steam dragon claws you.
The searing ray hits the steam dragon.
The steam dragon is moderately wounded.
The searing ray misses the wyvern.
The wyvern hisses angrily.
The steam dragon closely misses you. The steam dragon barely misses you.
The searing ray hits the steam dragon.
The steam dragon is heavily wounded.
The searing ray hits the wyvern.
The wyvern is lightly wounded.
You finish channelling your searing ray.
The steam dragon bites you but does no damage.
The steam dragon claws you. The wyvern completely misses you.
Casting: Iskenderun's Mystic Blast (dangerous; 2% risk of failure)
Press: ? - help, Q - select action, (/) - cycle Dir - look around, f - activate You erupt in a blast of force!
The mystic blast hits the wyvern!
The wyvern is severely wounded.
The wyvern is knocked back by the mystic blast.
The wyvern slams into the rock wall!
The wyvern is almost dead.
The mystic blast hits the steam dragon!
The steam dragon is almost dead.
The steam dragon bites you!
The steam dragon claws you but does no damage.
The wyvern bites you.
Casting: Iskenderun's Mystic Blast (dangerous; 2% risk of failure)
Press: ? - help, Q - select action, (/) - cycle Dir - look around, f - activate You miscast Iskenderun's Mystic Blast.
You are very lightly contaminated with residual magic.
Nothing appears to happen.
The steam dragon completely misses you. The steam dragon claws you.
* * * LOW HITPOINT WARNING * * *
The wyvern bites you!
You die...

#########...#.#. #.
## #....#.# #.#
#.######...#.# #.#.
#...........#.#.#.#
♣.#.........##.#.#.#
♣.............#.#.#
♣.#.###'######.#.#
#........l..#.#.#
#.......@D.....#
##+#.######'#######
#.#..§§§....>..#
#.#.#..§.§#....# #.
#.§........# #.
#.......)..# #.
............# #
###............#
#..#..###..#.#


You could see a steam dragon and a wyvern.

Vanquished Creatures
  An unseen horror (D:6)
  A hornet (D:7)
  Prince Ribbit (D:8)
  A wraith (D:9)
  2 wyverns (D:8)
  6 humans (D:6)
  Edmund (D:6)
  A water moccasin (D:8)
  A sky beast (D:6)
  A black bear (D:6)
  An orc warrior (D:6)
  2 ogres
  2 centaurs
  A phantom (D:4)
  A gnoll sergeant (D:6)
  2 scorpions (D:5)
  A wight (D:6)
  5 killer bees (D:8)
  2 howler monkeys
  4 hounds
  2 jellies
  3 orc priests
  2 gnoll boudas
  6 orc wizards
  3 iguanas
  11 gnolls
  7 adders
  3 shadow imps
  2 white imps (D:5)
  2 ufetubi (D:6)
  A worm (D:5)
  3 dart slugs
  27 orcs
  9 bats
  4 endoplasms
  2 giant cockroaches (D:2)
  9 goblins
  3 hobgoblins
  6 jackals
  5 quokkas
  4 ball pythons
  2 frilled lizards
  8 kobolds
  3 rats
  A butterfly (D:1)
165 creatures vanquished.

Vanquished Creatures (others)
  2 fulminant prisms (D:8)
  5 toadstools (D:1)
7 creatures vanquished.

Grand Total: 172 creatures vanquished

Notes
Turn   | Place    | Note
-------+----------+-------------------------------------------
     0 | D:1      | LynnLen the Spriggan Conjurer began the quest for the Orb.
     0 | D:1      | Reached XP level 1. HP: 9/9 MP: 5/5
   173 | D:1      | Reached skill level 3 in Spellcasting
   404 | D:1      | Reached XP level 2. HP: 13/13 MP: 0/7
  1246 | D:2      | Reached XP level 3. HP: 16/16 MP: 3/9
  1298 | D:2      | Learned a level 2 spell: Searing Ray
  1704 | D:2      | Reached skill level 4 in Spellcasting
  2645 | D:3      | Reached XP level 4. HP: 21/21 MP: 8/11
  3393 | D:4      | Learned a level 4 spell: Fulminant Prism
  3398 | D:4      | Learned a level 4 spell: Iskenderun's Mystic Blast
  3432 | D:4      | Noticed an ogre
  3461 | D:4      | Killed an ogre
  3462 | D:4      | Reached skill level 5 in Spellcasting
  3462 | D:4      | Reached XP level 5. HP: 24/24 MP: 4/13
  3759 | D:4      | Found Erghupi's Antique Armour Boutique.
  3763 | D:4      | Noticed a phantom
  3911 | D:4      | Killed a phantom
  3912 | D:4      | Reached XP level 6. HP: 28/28 MP: 4/15
  4108 | D:4      | Reached skill level 6 in Spellcasting
  4933 | D:5      | Entered Level 5 of the Dungeon
  5466 | D:5      | Reached skill level 7 in Spellcasting
  5466 | D:5      | Reached XP level 7. HP: 24/32 MP: 10/18
  5821 | D:5      | Reached skill level 1 in Translocations
  6272 | D:5      | Identified the +8 trident "Kotti" {drain, rC+ rCorr}
  6484 | D:6      | Noticed quinnr's ghost (novice TeCj)
  6484 | D:6      | Found a runed translucent door.
  6562 | D:6      | Noticed a human
  6562 | D:6      | Noticed a human
  6562 | D:6      | Found a staircase to the Ecumenical Temple.
  6562 | D:6      | Noticed a human
  6562 | D:6      | Noticed Edmund
  7290 | D:6      | Reached skill level 8 in Spellcasting
  7315 | D:6      | Reached XP level 8. HP: 28/36 MP: 5/21
  7421 | D:6      | Noticed an unseen horror
  7515 | D:6      | Killed an unseen horror
  7516 | D:6      | Reached skill level 5 in Hexes
  7516 | D:6      | Reached skill level 5 in Translocations
  7798 | D:6      | Reached skill level 9 in Spellcasting
  8181 | D:6      | Reached skill level 5 in Conjurations
  8360 | D:6      | Killed Edmund
  8712 | D:6      | Reached XP level 9. HP: 39/39 MP: 7/23
  9215 | Temple   | Entered the Ecumenical Temple
  9228 | Temple   | Became a worshipper of Vehumet
  9708 | D:6      | Reached skill level 10 in Spellcasting
 10683 | D:7      | Found Genaolisitz's Distillery.
 10691 | D:7      | Bought a potion of degeneration for 11 gold pieces
 10753 | D:7      | Found a runed translucent door.
 10911 | D:7      | Identified the ring of Xom's Flight of Fancy {rPois rC+
                  | rCorr Int-3 Dex+5}
 11883 | D:8      | Found a sacrificial altar of Ru.
 12006 | D:8      | Noticed Prince Ribbit
 12239 | D:8      | Killed Prince Ribbit
 12761 | D:8      | Reached * piety under Vehumet
 12761 | D:8      | Offered knowledge of Freeze by Vehumet.
 12762 | D:8      | Reached XP level 10. HP: 44/44 MP: 0/25
 12808 | D:8      | Learned a level 5 spell: Freezing Cloud
 13307 | D:9      | Slain by a wyvern

Illustrated notes

Levels and vault maps discovered:
D:1:      ldierk_walled_garden, layout_basic, hangedman_glass_garden, hex_large
D:2:      layout_loops_ring
D:3:      layout_loops_cross
D:4:      layout_basic, serial_shops, shop_statue, nicolae_elevator_lobby_plus
D:5:      layout_loops_ring, hangedman_decor_diamond_cutter
D:6:      minmay_chambers_of_fours, layout_cave_pods,
          minmay_temple_entry_large_hall, gammafunk_ghost_grave, st_stairs_12,
          minmay_misc_feat_rugged, minmay_ruffians, uniq_edmund
D:7:      layout_gridville, serial_shops, nicolae_shop_statue_plus,
          lightli_church_of_beogh
D:8:      layout_gridville, mainiacjoe_overflow_concentric_impassable,
          uniq_prince_ribbit1
D:9:      nzn_winding_woodlands_large [nzn_winding_woodlands_5x5_cross,
          nzn_winding_woodlands_5x15_eye, nzn_winding_woodlands_5x5_open_star,
          nzn_winding_woodlands_center_lodge,
          nzn_winding_woodlands_15x15_killbox,
          nzn_winding_woodlands_center_triple_pond,
          nzn_winding_woodlands_5x5_three, nzn_winding_woodlands_5x15_cabin,
          nzn_winding_woodlands_5x5_perimeter], layout_stronghold, minivault_23
Temple:   grunt_wide_crystal_templ

Skill      XL: |  1  2  3  4  5  6  7  8  9 10 |
---------------+-------------------------------+-----
Conjurations   | 3 4 5 6 |  6.1
Spellcasting   | 3 4 5 7 8 9 10 | 10.8
Hexes          | 2 4 6 7 8 |  8.0
Translocations | 4 6 9 |  9.1
Dodging        | |  2.6
Stealth        | |  3.0
Ice Magic      | |  0.3
Air Magic      | |  0.3

Action                   |  1- 3 |  4- 6 |  7- 9 | 10-12 || total
-------------------------+-------+-------+-------+-------++-------
Melee: Unarmed           |    10 |     1 |       |       ||    11
       Trident           |       |       |     2 |       ||     2
 Cast: Magic Dart        |    91 |   135 |   251 |       ||   477
       Searing Ray       |     2 |     4 |    23 |     1 ||    30
       Iskenderun's Myst |       |       |    52 |    10 ||    62
       Fulminant Prism   |       |       |     2 |       ||     2
  Use: Scroll            |     3 |     1 |     5 |     2 ||    11
       Potion            |       |       |     4 |       ||     4
 Stab: Sleeping          |     1 |       |     1 |       ||     2
Armor: Robe              |     4 |     3 |     5 |     2 ||    14
Dodge: Dodged            |    27 |    17 |    92 |     5 ||   141
